 Dungeon Sprint DCSS version 0.17-a0-963-gaa5423c (webtiles) character file.

24808 ahoge the Bludgeoner (level 13, -1/95 HPs)
             Began as a Gargoyle Fighter on May 8, 2015.
             Was a High Priest of Okawaru.
             Slain by a jumping spider (14 damage)
             ... in the Dungeon (Sprint IX: "|||||||||||||||||||||||||||||").
             The game lasted 00:25:45 (2750 turns).

ahoge the Bludgeoner (Gargoyle Fighter)             Turns: 2750, Time: 00:25:45

Health: -1/95      AC: -5    Str: 29    XL:     13   Next: 15%
Magic:  0/30       EV: 27    Int: 12    God:    Okawaru [*****.]
Gold:   545        SH:  9    Dex: 21    Spells: 0 memorised, 12 levels left

rFire  x . .     SeeInvis .     R - +0 flail of Zyxi {flame, MR+} (curse)
rCold  . . .     Clarity  .     I - +0 ring mail of Qemmos {rPois Slay+3 Stlth-}
rNeg   + . .     SustAb   +     N - +0 buckler of Valiance {rF- Dex+8}
rPois  ∞         Gourm    .     T - +1 helmet
rElec  +         Spirit   +     U - +1 cloak
rCorr  .         Warding  .     S - +2 pair of gloves {archery}
rMut   .         NoTele   +     D - +1 pair of boots {Fly}
MR     .....                    L - amulet of Fesushri {Spirit MR- Str+5}
Stlth  +++.......               J - ring "Leh Wut" {+Blink Str+2 Int+4}
                                K - ring "Ganet" {SustAb MP+9}

@: heroism, finesse, corroded equipment, flying, not resistant to hostile
enchantments, fairly stealthy
A: negative energy resistance 1, electricity resistance, unbreathing,
petrification resistance, rot immunity, AC +9
a: Heroism, Finesse, Renounce Religion, Evoke Blink, Stop Flying


You were in the Dungeon.
You worshipped Okawaru.
Okawaru was extremely pleased with you.
You were not hungry.

You visited 1 branch You collected 1900 gold pieces.
You spent 1355 gold pieces at shops.

Inventory:

Hand weapons
 q - a +2 dire flail of crushing
 R - the cursed +0 flail of Zyxi (weapon) {flame, MR+}
   (You found it in the Dungeon)

   It has been specially enchanted to burn those struck by it, causing extra
   injury to most foes and up to half again as much damage against particularly
   susceptible opponents.
   It affects your resistance to hostile enchantments.
   It has a curse placed upon it.
Armour
 c - a +0 shield
 t - a +2 ring mail
 D - a +1 pair of boots of flying (worn)
 I - the +0 ring mail of Qemmos (worn) {rPois Slay+3 Stlth-}
   (Okawaru gifted it to you in the Dungeon)

   It affects your accuracy and damage with ranged weapons and melee attacks
   (+3).
   It protects you from poison.
   It makes you less stealthy.
 N - the +0 buckler of Valiance (worn) {rF- Dex+8}
   (Okawaru gifted it to you in the Dungeon)

   It affects your dexterity (+8).
   It makes you vulnerable to fire.
 S - a +2 pair of gloves of archery (worn)
 T - a +1 helmet (worn)
 U - a +1 cloak (worn)
Jewellery
 u - a +2 ring of evasion
 v - a +2 ring of evasion
 y - an uncursed ring of protection from cold
 J - the ring "Leh Wut" (right hand) {+Blink Str+2 Int+4}
   (You bought it in a shop in the Dungeon)

   [ring of intelligence]

   It affects your strength (+2).
   It affects your intelligence (+4).
   It lets you blink.
 K - the ring "Ganet" (left hand) {SustAb MP+9}
   (You bought it in a shop in the Dungeon)

   [ring of sustain abilities]

   It sustains your strength, intelligence and dexterity.
   It affects your magic capacity (+9).
 L - the amulet of Fesushri (around neck) {Spirit MR- Str+5}
   (You bought it in a shop in the Dungeon)

   [amulet of guardian spirit]

   It causes incoming damage to be split between your health and magic.
   It affects your strength (+5).
   It affects your resistance to hostile enchantments.
 O - an uncursed ring of stealth
 P - an uncursed ring of protection from fire
 Q - an uncursed ring of protection from magic
Magical devices
 p - a wand of draining (7)
 M - a wand of digging (19)
Scrolls
 a - 2 scrolls of enchant armour
 b - a scroll of identify
 k - 4 scrolls of blinking
 n - 5 scrolls of remove curse
 o - 2 scrolls of amnesia
 A - a scroll of fog
 B - 2 scrolls of recharging
 C - 2 scrolls of enchant weapon
 E - a scroll of silence
Potions
 d - 3 potions of might
 f - 5 potions of curing
 h - a potion of haste
 i - 4 potions of magic
 j - a potion of berserk rage
 m - a potion of invisibility
 w - 2 potions of cure mutation
 x - 2 potions of brilliance
 z - a potion of agility
Comestibles
 e - 13 bread rations
 F - 40 fruits
 G - 12 meat rations


   Skills:
 + Level 16.9(21.9) Fighting
 + Level 18.9(23.9) Maces & Flails
 + Level 10.9(15.9) Armour
 + Level 12.4(17.4) Dodging
 + Level 3.6(8.6) Stealth
 + Level 11.6(16.6) Shields
 + Level 11.2 Invocations


You had 12 spell levels left.
You didn't know any spells.

Dungeon Overview and Level Annotations

Branches:
Dungeon (1/1)

Altars:
Cheibriados
Dithmenos
Elyvilon
Fedhas
Gozag
Kikubaaqudgha
Makhleb
Nemelex Xobeh
Okawaru
Qazlal
Ru
Sif Muna
Trog
Vehumet
Xom
Yredelemnul
Zin
The Shining One
Beogh
Jiyva
Lugonu

Shops:
D :[*=


Innate Abilities, Weirdness & Mutations

You are resistant to torment.
Your stone body is resilient (AC +9).
You are immune to poison.
You resist negative energy.
You are resistant to electric shocks.
You can survive without breathing.
You are immune to petrification.
You are immune to rotting.


Message History

The demonic crawler is lightly wounded.
You barely miss the demonic crawler.
The demonic crawler is lightly wounded.
The jumping spider closely misses you. You block the jumping spider's attack.
The demonic crawler completely misses you.
The demonic crawler hits you!
The demonic crawler completely misses you.
You hit the demonic crawler but do no damage.
The demonic crawler is lightly wounded.
You bludgeon the demonic crawler!! You burn the demonic crawler.
The demonic crawler is severely wounded.
The jumping spider pounces on you!
* * * LOW HITPOINT WARNING * * *
You are caught in a web!
The jumping spider bites you.
* * * LOW HITPOINT WARNING * * *
The demonic crawler hits you!
* * * LOW HITPOINT WARNING * * *
The demonic crawler barely misses you. The demonic crawler closely misses you.
The jumping spider pounces on you!
You die...

▓.▓[▓.▓)▓.▓.▓.▓_
▓.▓.▓)▓.▓)▓.▓%▓.▓_
▓.▓.▓)▓.▓)▓.▓'▓.▓_
▓s▓.▓)▓.▓.▓.▓.▓.▓_
▓.▓.▓)▓.▓)▓.▓.▓.▓_
▓s▓.▓)▓.▓)▓.▓.▓.▓_
▓s▓.▓)▓.▓)▓.▓.▓.▓'
▓s▓.▓)▓.▓)▓.▓.▓.▓.
▓@▓.▓)▓.▓)▓.▓.▓.▓.
▓s▓.▓.▓.▓)▓.▓.▓.▓.
▓.▓.▓=▓.▓)▓.▓.▓.▓.
▓s▓)▓.▓.▓.▓.▓.▓.▓.
▓.▓.▓.▓.▓.▓.▓.▓.▓'
▓.▓.▓.▓.▓.▓.▓.▓.▓.
▓.▓.▓'▓.▓.▓.▓.▓.▓.
▓.▓.▓.▓.▓.▓.▓.▓.▓.
▓.▓.▓.▓.▓.▓.▓'▓.▓.


You could see 3 demonic crawlers, an orb spider and 2 jumping spiders.

Vanquished Creatures
  A fire giant (D)
  Josephine (D)
  An entropy weaver (D)
  2 ice dragons (D)
  A rakshasa (D)
  2 catoblepae (D)
  A deep troll shaman (D)
  5 death yaks (D)
  A centaur warrior (D)
  2 vampire magi (D)
  8 orc high priests (D)
  A soul eater (D)
  A skeletal warrior (D)
  A giant orange brain (D)
  An orc knight (D)
  An ugly thing (D)
  An orc sorcerer (D)
  A griffon (D)
  An orb spider (D)
  Joseph (D)
  A black mamba (D)
  Psyche (D)
  A torpor snail (D)
  An orange demon (D)
  A freezing wraith (D)
  A two-headed ogre (D)
  4 yaks (D)
  5 wraiths (D)
  2 wolves (D)
  Grum (D)
  3 hippogriffs (D)
  A vampire mosquito (D)
  2 water moccasins (D)
  3 porcupines (D)
  12 orc warriors (D)
  A spider (D)
  An ice beast (D)
  A centaur (D)
  4 crocodiles (D)
  4 giant frogs (D)
  A brain worm (D)
  A scorpion (D)
  An orc wizard (D)
  9 orc priests (D)
  3 worker ants (D)
  A shadow imp (D)
  An adder skeleton (D)
  7 orcs (D)
  A bat (D)
  2 goblins (D)
  2 hobgoblins (D)
  2 kobolds (D)
  A giant newt (D)
  2 rats (D)
118 creatures vanquished.

Notes
Turn   | Place    | Note
--------------------------------------------------------------
     0 | D        | ahoge, the Gargoyle Fighter, began the quest for the Orb.
     0 | D        | Reached XP level 1. HP: 14/14 MP: 1/1
    23 | D        | Reached skill level 4 in Shields
   153 | D        | Noticed a worker ant
   158 | D        | Reached XP level 2. HP: 18/20 MP: 2/2
   179 | D        | Killed a worker ant
   179 | D        | Reached skill level 5 in Fighting
   179 | D        | Reached skill level 1 in Dodging
   179 | D        | Reached skill level 5 in Shields
   179 | D        | Reached XP level 3. HP: 17/26 MP: 3/3
   200 | D        | Found a glowing silver altar of Zin.
   200 | D        | Found a glowing golden altar of the Shining One.
   200 | D        | Found an ancient bone altar of Kikubaaqudgha.
   200 | D        | Found a basalt altar of Yredelemnul.
   200 | D        | Found a shimmering altar of Xom.
   200 | D        | Found a radiant altar of Vehumet.
   201 | D        | Found an iron altar of Okawaru.
   202 | D        | Found a burning altar of Makhleb.
   203 | D        | Found a deep blue altar of Sif Muna.
   204 | D        | Found a bloodstained altar of Trog.
   205 | D        | Found a sparkling altar of Nemelex Xobeh.
   206 | D        | Found a white marble altar of Elyvilon.
   207 | D        | Found a roughly hewn altar of Beogh.
   208 | D        | Found a viscous altar of Jiyva.
   209 | D        | Found a corrupted altar of Lugonu.
   210 | D        | Found a blossoming altar of Fedhas.
   213 | D        | Became a worshipper of Warmaster Okawaru
   216 | D        | Found a snail-covered altar of Cheibriados.
   217 | D        | Found a shadowy altar of Dithmenos.
   218 | D        | Found a stormy altar of Qazlal.
   219 | D        | Found an opulent altar of Gozag.
   220 | D        | Found a sacrificial altar of Ru.
   276 | D        | Noticed a worker ant
   276 | D        | Noticed a yak
   276 | D        | Noticed a worker ant
   276 | D        | Noticed a hippogriff
   278 | D        | Killed a hippogriff
   278 | D        | Reached skill level 6 in Fighting
   278 | D        | Reached skill level 5 in Armour
   278 | D        | Reached skill level 7 in Shields
   278 | D        | Reached XP level 4. HP: 27/32 MP: 4/4
   278 | D        | Reached XP level 5. HP: 31/37 MP: 5/5
   285 | D        | Killed a worker ant
   307 | D        | Killed a yak
   307 | D        | Acquired Okawaru's first power
   307 | D        | Reached skill level 5 in Maces & Flails
   307 | D        | Reached skill level 8 in Shields
   307 | D        | Reached XP level 6. HP: 33/44 MP: 6/6
   314 | D        | Killed a worker ant
   329 | D        | Noticed an ice beast
   329 | D        | Noticed a scorpion
   329 | D        | Noticed a centaur
   329 | D        | Noticed an orc warrior
   329 | D        | Noticed a catoblepas
   329 | D        | Noticed a vampire mosquito
   347 | D        | Killed a catoblepas
   347 | D        | Reached skill level 9 in Fighting
   347 | D        | Reached skill level 10 in Shields
   347 | D        | Reached XP level 7. HP: 29/51 MP: 5/7
   347 | D        | Reached XP level 8. HP: 31/56 MP: 5/8
   349 | D        | Killed a vampire mosquito
   355 | D        | Killed an orc warrior
   363 | D        | Killed a centaur
   368 | D        | Killed a scorpion
   371 | D        | Killed an ice beast
   530 | D        | Noticed a wraith
   531 | D        | Noticed Josephine
   532 | D        | Noticed a wraith
   533 | D        | Noticed a wraith
   535 | D        | Noticed a wraith
   542 | D        | Killed a wraith
   542 | D        | Reached skill level 1 in Invocations
   555 | D        | Killed Josephine
   555 | D        | Acquired Okawaru's second power
   555 | D        | Reached skill level 10 in Fighting
   555 | D        | Reached skill level 10 in Maces & Flails
   555 | D        | Reached XP level 9. HP: 58/63 MP: 7/10
   562 | D        | Killed a wraith
   566 | D        | Killed a wraith
   566 | D        | Reached skill level 11 in Fighting
   574 | D        | Killed a wraith
   672 | D        | Noticed a hippogriff
   672 | D        | Noticed a giant frog
   672 | D        | Noticed a water moccasin
   672 | D        | Noticed a giant frog
   672 | D        | Noticed a yak
   672 | D        | Noticed a crocodile
   679 | D        | Noticed a hippogriff
   683 | D        | Killed a crocodile
   684 | D        | Noticed a porcupine
   689 | D        | Killed a yak
   689 | D        | Reached skill level 10 in Armour
   695 | D        | Killed a giant frog
   700 | D        | Killed a water moccasin
   702 | D        | Killed a giant frog
   704 | D        | Noticed a porcupine
   710 | D        | Killed a hippogriff
   710 | D        | Reached XP level 10. HP: 70/70 MP: 5/12
   715 | D        | Killed a hippogriff
   721 | D        | Killed a porcupine
   723 | D        | Killed a porcupine
   824 | D        | Noticed a crocodile
   824 | D        | Noticed a crocodile
   824 | D        | Noticed a torpor snail
   824 | D        | Noticed a water moccasin
   824 | D        | Noticed a crocodile
   824 | D        | Noticed a porcupine
   827 | D        | Killed a porcupine
   831 | D        | Killed a crocodile
   834 | D        | Killed a water moccasin
   846 | D        | Killed a torpor snail
   846 | D        | Reached skill level 12 in Fighting
   848 | D        | Killed a crocodile
   848 | D        | Received a gift from Okawaru
   849 | D        | Noticed a griffon
   851 | D        | Killed a crocodile
   852 | D        | Noticed a black mamba
   853 | D        | Noticed a giant frog
   859 | D        | Killed a griffon
   873 | D        | Killed a black mamba
   873 | D        | Reached skill level 5 in Invocations
   874 | D        | Killed a giant frog
   908 | D        | Noticed a death yak
   908 | D        | Noticed a yak
   908 | D        | Noticed a death yak
   908 | D        | Noticed a yak
   908 | D        | Noticed a death yak
   908 | D        | Noticed a death yak
   915 | D        | Killed a death yak
   915 | D        | Reached skill level 13 in Maces & Flails
   915 | D        | Reached skill level 10 in Dodging
   916 | D        | Noticed a death yak
   924 | D        | Noticed a catoblepas
   933 | D        | Killed a death yak
   940 | D        | Killed a death yak
   940 | D        | Reached skill level 14 in Maces & Flails
   940 | D        | Reached XP level 11. HP: 40/78 MP: 12/15
   948 | D        | Killed a yak
   954 | D        | Killed a death yak
   964 | D        | Killed a yak
   964 | D        | Reached skill level 1 in Stealth
   974 | D        | Killed a death yak
   982 | D        | Killed a catoblepas
  1265 | D        | Noticed Joseph
  1277 | D        | Killed Joseph
  1277 | D        | Reached skill level 15 in Maces & Flails
  1320 | D        | Noticed an orc warrior
  1320 | D        | Noticed an orc priest
  1320 | D        | Noticed an orc priest
  1326 | D        | Noticed an orc wizard
  1327 | D        | Killed an orc priest
  1329 | D        | Killed an orc priest
  1332 | D        | Noticed an orc priest
  1334 | D        | Killed an orc warrior
  1338 | D        | Killed an orc wizard
  1339 | D        | Noticed an orc warrior
  1342 | D        | Noticed an orc priest
  1343 | D        | Noticed an orc warrior
  1346 | D        | Killed an orc priest
  1363 | D        | Killed an orc warrior
  1370 | D        | Killed an orc warrior
  1373 | D        | Killed an orc priest
  1423 | D        | Noticed an orc warrior
  1423 | D        | Noticed an orc warrior
  1423 | D        | Noticed an orc warrior
  1423 | D        | Noticed an orc warrior
  1423 | D        | Noticed an orc knight
  1427 | D        | Noticed an orc warrior
  1435 | D        | Killed an orc knight
  1438 | D        | Killed an orc warrior
  1440 | D        | Noticed an orc warrior
  1441 | D        | Noticed an orc warrior
  1442 | D        | Noticed an orc sorcerer
  1446 | D        | Killed an orc warrior
  1452 | D        | Killed an orc warrior
  1453 | D        | Noticed an orc warrior
  1454 | D        | Killed an orc warrior
  1456 | D        | Killed an orc warrior
  1464 | D        | Killed an orc sorcerer
  1466 | D        | Killed an orc warrior
  1470 | D        | Killed an orc warrior
  1475 | D        | Killed an orc warrior
  1490 | D        | Received a gift from Okawaru
  1501 | D        | Got a smoking ring mail {god gift}
  1521 | D        | Identified the +0 ring mail of Qemmos {rPois Slay+3 Stlth-} (Okawaru gifted it to you in the Dungeon)
  1539 | D        | Found Lumot's Jewellery Boutique.
  1539 | D        | Noticed an orc high priest
  1539 | D        | Noticed an orc priest
  1539 | D        | Noticed an orc high priest
  1539 | D        | Noticed an orc high priest
  1539 | D        | Noticed an orc priest
  1540 | D        | Noticed a soul eater
  1540 | D        | Killed an orc priest
  1541 | D        | Noticed an orc high priest
  1543 | D        | Noticed an orc high priest
  1546 | D        | Killed an orc high priest
  1546 | D        | Reached skill level 16 in Maces & Flails
  1547 | D        | Found Hathral's Assorted Antiques.
  1551 | D        | Killed an orc high priest
  1561 | D        | Killed a soul eater
  1566 | D        | Found Myul's Armour Boutique.
  1567 | D        | Noticed an orc high priest
  1569 | D        | Killed an orc priest
  1574 | D        | Killed an orc high priest
  1574 | D        | Reached XP level 12. HP: 44/86 MP: 12/18
  1575 | D        | Noticed an orc priest
  1583 | D        | Killed an orc high priest
  1583 | D        | Reached skill level 15 in Fighting
  1584 | D        | Found Dub Err's Book Shop.
  1585 | D        | Noticed an orc priest
  1590 | D        | Killed an orc high priest
  1593 | D        | Noticed an orc high priest
  1600 | D        | Killed an orc high priest
  1600 | D        | Reached skill level 17 in Maces & Flails
  1602 | D        | Killed an orc priest
  1605 | D        | Killed an orc priest
  1611 | D        | Killed an orc high priest
  1612 | D        | Noticed an orc priest
  1613 | D        | Noticed an orc high priest
  1617 | D        | Killed an orc priest
  1621 | D        | Killed an orc high priest
  1687 | D        | Bought the ring "Leh Wut" {+Blink Str+2 Int+4} for 542 gold pieces
  1687 | D        | Bought the ring "Ganet" {SustAb MP+9} for 294 gold pieces
  1687 | D        | Bought the amulet of Fesushri {Spirit MR- Str+5} for 519 gold pieces
  1800 | D        | Noticed a wolf
  1803 | D        | Noticed Grum
  1805 | D        | Noticed a wolf
  1807 | D        | Killed a wolf
  1812 | D        | Killed Grum
  1816 | D        | Killed a wolf
  1816 | D        | Received a gift from Okawaru
  1830 | D        | Got a translucent buckler {god gift}
  1902 | D        | Got the cursed +0 flail of Zyxi {flame, MR+}
  1987 | D        | Identified the +0 buckler of Valiance {rF- Dex+8} (Okawaru gifted it to you in the Dungeon)
  2021 | D        | Noticed a centaur warrior
  2021 | D        | Noticed a skeletal warrior
  2021 | D        | Noticed a cyan ugly thing
  2021 | D        | Noticed a two-headed ogre
  2021 | D        | Noticed a giant frog
  2021 | D        | Noticed a brain worm
  2025 | D        | Killed a brain worm
  2027 | D        | Killed a giant frog
  2030 | D        | Noticed a deep troll shaman
  2038 | D        | Killed a cyan ugly thing
  2039 | D        | Noticed a fire giant
  2042 | D        | Killed a two-headed ogre
  2048 | D        | Noticed a wraith
  2052 | D        | Noticed a giant orange brain
  2063 | D        | Killed a skeletal warrior
  2069 | D        | Killed a centaur warrior
  2069 | D        | Reached skill level 10 in Invocations
  2073 | D        | Killed a deep troll shaman
  2073 | D        | Reached skill level 18 in Maces & Flails
  2081 | D        | Killed a fire giant
  2101 | D        | Killed a wraith
  2108 | D        | Killed a giant orange brain
  2179 | D        | Noticed an ice dragon
  2180 | D        | Noticed a rakshasa
  2181 | D        | Noticed a vampire mage
  2182 | D        | Noticed a vampire mage
  2194 | D        | Killed an ice dragon
  2224 | D        | Killed an ice dragon
  2231 | D        | Killed a rakshasa
  2254 | D        | Killed a vampire mage
  2254 | D        | Reached XP level 13. HP: 24/95 MP: 7/21
  2268 | D        | Killed a vampire mage
  2662 | D        | Noticed Psyche
  2669 | D        | Killed Psyche
  2697 | D        | Noticed a demonic crawler
  2697 | D        | Noticed an orb spider
  2697 | D        | Noticed a demonic crawler
  2697 | D        | Noticed an entropy weaver
  2697 | D        | Noticed a spider
  2697 | D        | Noticed an orb spider
  2700 | D        | Noticed a jumping spider
  2707 | D        | Killed an orb spider
  2713 | D        | Killed a spider
  2718 | D        | Noticed a jumping spider
  2721 | D        | Noticed a demonic crawler
  2743 | D        | Killed an entropy weaver
  2750 | D        | Slain by a jumping spider

Action                   |  1- 3 |  4- 6 |  7- 9 | 10-12 | 13-15 || total
-------------------------+-------+-------+-------+-------+-------++-------
Melee: Flail             |    55 |       |       |   155 |    67 ||   277
       Dire flail        |     2 |    53 |    90 |   304 |       ||   449
Invok: Heroism           |       |     1 |     2 |    10 |     2 ||    15
       Finesse           |       |       |     1 |     7 |     2 ||    10
  Use: Potion            |       |     1 |       |     7 |       ||     8
 Stab: Petrifying        |       |       |       |     1 |       ||     1
       Petrified         |       |       |       |     1 |       ||     1
  Eat: Chunk             |       |       |       |     6 |       ||     6
       Bread ration      |       |       |       |     1 |       ||     1
